 Dungeon Crawl Stone Soup version 0.27.0-1-g7a089689b8 (webtiles) character file.

Game seed: 12910041490162496849

2279 sanka the Nimble (level 9, -6/44 HPs)
             Began as a Spriggan Abyssal Knight on Aug 14, 2021.
             Was an Elder of Lugonu.
             Killed from afar by a white imp (7 damage)
             ... with a puff of frost
             ... on level 7 of the Dungeon.
             The game lasted 00:14:00 (10686 turns).

sanka the Nimble (Spriggan Abyssal Knight)         Turns: 10686, Time: 00:14:01

Health: -6/44      AC:  5    Str:  8    XL:     9   Next: 16%
Magic:  25/25      EV: 25    Int: 14    God:    Lugonu [****..]
Gold:   412        SH:  0    Dex: 17    Spells: 8/8 levels left

rFire    . . .     SeeInvis +   a - +2 hand axe (elec)
rCold    . . .     Faith    .   (shield restricted)
rNeg     . . .     Spirit   .   q - +1 robe {Will+}
rPois    .         Reflect  .   (helmet restricted)
rElec    .         Harm     .   j - +1 cloak {rCorr}
rCorr    +         Rampage  .   (gloves unavailable)
Will     ++...     Rnd*Rage +   (boots unavailable)
Stlth    ++........             (no amulet)
HPRegen  0.14/turn              (no ring)
MPRegen  0.19/turn              p - ring of magical power

@: very quick
A: very small, no large weapons, unfitting armour, see invisible, speed 3,
berserk 1
a: Renounce Religion, Depart the Abyss, Bend Space, Banish, Corrupt


You were on level 7 of the Dungeon.
You worshipped Lugonu.
Lugonu was greatly pleased with you.
You visited 1 branch of the dungeon, and saw 7 of its levels.
You visited the Abyss 1 time.
You also visited: Sewer.

You collected 412 gold pieces.


Innate Abilities, Weirdness & Mutations

You are very small and have problems with some larger weapons.
You are too small for most types of armour.
You have supernaturally acute eyesight. (SInv)
You cover ground extremely quickly. (Speed+++)
You tend to lose your temper in combat.


   Skills:
 - Level 3.0 Fighting
 - Level 3.5 Short Blades
 + Level 11.7 Dodging
 - Level 8.0 Invocations


You had 8 spell levels left.
You didn't know any spells.
Your spell library contained the following spells:

 Spells                   Type           Power      Damage    Failure   Level
 Slow                     Hex            0%         N/A       41%         2
 Confusing Touch          Hex            0%         N/A       65%         3
 Conjure Flame            Conj/Fire      0%         6-21      65%         3
 Ignite Poison            Fire/Tmut/Pois 0%         N/A       65%         3
 Vampiric Draining        Necr           0%         2d6       65%         3
 Sticky Flame             Conj/Fire      0%         2d3       96%         4
 Iskenderun's Battlesphe  Conj           0%         2d6       100%        5
 Iron Shot                Conj/Erth      0%         9d1       100%        6
 Spellforged Servitor     Conj/Summ      0%         N/A       100%        7

Inventory:

Hand Weapons
 a - a +2 hand axe of electrocution (weapon)
 b - a +1 dagger of venom
 y - a +0 dagger of draining
 G - a +4 quarterstaff of chaos
Missiles
 x - 19 poisoned darts
Armour
 j - a +1 cloak of preservation (worn)
 q - a +1 robe of willpower (worn)
Magical Staves
 k - a staff of earth
Jewellery
 p - a ring of magical power (right hand)
 w - a ring of positive energy
Wands
 f - a wand of digging (2)
 h - a wand of polymorph (7)
 u - a wand of flame (17)
Scrolls
 c - 4 scrolls of magic mapping {unknown}
 d - 4 scrolls of identify {unknown}
 e - a scroll of blinking {unknown}
 m - 2 scrolls of silence {unknown}
 n - a scroll of enchant armour {unknown}
 o - 2 scrolls of immolation {unknown}
 r - 2 scrolls of fog {unknown}
 v - a scroll of enchant weapon {unknown}
 C - a scroll of fear {unknown}
 F - a scroll of summoning {unknown}
 I - a scroll of teleportation {unknown}
Potions
 g - a potion of mutation {!q}
 i - 3 potions of brilliance {unknown}
 l - a potion of degeneration {unknown}
 s - a potion of heal wounds {@q2}
 t - 2 potions of curing {unknown}
 z - 3 potions of might {unknown}
 A - 2 potions of magic {unknown}
 B - 2 potions of invisibility {unknown}
 D - 2 potions of haste {unknown}
 E - a potion of resistance {unknown}
 H - a potion of lignification {unknown}

Dungeon Overview and Level Annotations

Branches:
Dungeon (7/15)             Temple (0/1) D:7           Sewer (visited)

Altars:
Elyvilon
Kikubaaqudgha
Makhleb
Qazlal
Uskayaw
Xom

Annotations:
D:4 Menkaure

▒ .▒. ▒▒.. ▒.
... .▒. .
.▒▒...▒.. .. ..
▒..▒.▒.. ...▒
...▒....▒. ▒...▒
....▒....▒▒....▒
.......>.......▒
..▒▒5...▒....▒
..▒..▒i...▒...▒
.....▒.▒..▒...▒
.....▒...▒▒....▒
..▒▒...........▒
. ▒..▒▒...▒...▒
▒▒.......+...▒
.........▒...▒
.....▒▒..▒▒...▒
.....▒▒..▒▒...▒


You could see a white imp.


Message History

You closely miss the white imp. The white imp closely misses you.
The white imp gestures at you. The puff of frost misses you.
You barely miss the white imp. The white imp closely misses you.
You barely miss the white imp. The white imp completely misses you.
You hit the white imp.
The white imp is moderately wounded.
The white imp gestures at you. The puff of frost misses you.
The white imp gestures at you. The puff of frost hits you!
* * * LOW HITPOINT WARNING * * *
You completely miss the white imp.
The white imp is moderately wounded.
The white imp misses you.
You hit the white imp but do no damage.
The white imp is moderately wounded.
The white imp hits you.
* * * LOW HITPOINT WARNING * * *
The white imp freezes you.
* * * LOW HITPOINT WARNING * * *
You hit the white imp but do no damage.
The white imp is moderately wounded.
The white imp closely misses you. The white imp gestures at you.
The puff of frost hits you!
You die...

Action                   |  1- 3 |  4- 6 |  7- 9 || total
-------------------------+-------+-------+-------++-------
Melee: Short sword       |   110 |       |       ||   110
       Dagger            |    20 |    83 |   417 ||   520
       Unarmed           |       |    10 |       ||    10
       Quarterstaff      |       |       |     8 ||     8
       Hand axe          |       |       |    99 ||    99
  Use: Potion            |     2 |     1 |       ||     3
 Stab: Sleeping          |     4 |       |     2 ||     6
Armor: Robe              |    16 |     3 |    38 ||    57
Dodge: Dodged            |   106 |    68 |   464 ||   638

Levels and vault maps discovered:
D:1:      kennysheep_arrival_forest, layout_basic, lemuel_old_faithful
D:2:      layout_basic
D:3:      layout_rooms, uniq_grinder, uniq_crazy_yiuf_cottage, uniq_natasha
D:4:      layout_basic, kiku_gazebo_pond_becter,
          nicolae_qazlal_general_emergency
D:5:      layout_cave_pods, general_overflow_altar,
          amcnicky_mini_rare_corridor_liquid, kennysheep_cluttered_room,
          minmay_misc_feat_room, uniq_menkaure
D:6:      layout_loops_ring, mainiacjoe_overflow_boulevard,
          mainiacjoe_overflow_big_doors, cheibrodos_sewer_entry_bend,
          uniq_edmund
D:7:      layout_gridville, mainiacjoe_overflow_concentric_impassable,
          minmay_temple_entry_mini_moons, nicolae_ossuary_entry_plus,
          roderic_serpentine_path, kennysheep_generic_room_8, uniq_joseph,
          uniq_pikel, uniq_harold

Notes
Turn   | Place    | Note
-------+----------+-------------------------------------------
     0 | Abyss:1  | sanka the Spriggan Abyssal Knight began the quest for the
                  | Orb.
     0 | Abyss:1  | Reached XP level 1. HP: 11/11 MP: 3/3
    21 | D:1      | Escaped the Abyss
   409 | D:1      | Reached XP level 2. HP: 16/16 MP: 4/4
   450 | D:1      | Reached skill level 3 in Fighting
  1076 | D:1      | Reached ** piety under Lugonu
  1092 | D:1      | Reached skill level 4 in Dodging
  1352 | D:2      | Gained mutation: You tend to lose your temper in combat.
                  | [potion of mutation]
  1363 | D:2      | Reached XP level 3. HP: 10/20 MP: 5/5
  1941 | D:2      | Reached skill level 5 in Dodging
  2651 | D:3      | Reached skill level 6 in Dodging
  2651 | D:3      | Reached XP level 4. HP: 16/24 MP: 6/6
  2934 | D:2      | Reached XP level 5. HP: 18/28 MP: 7/7
  3372 | D:3      | Noticed Grinder
  3569 | D:2      | HP: 2/28 [Grinder (8)]
  3577 | D:2      | Paralysed by Grinder for 4 turns
  3578 | D:2      | Killed Grinder
  3579 | D:2      | Reached skill level 8 in Dodging
  3579 | D:2      | Reached skill level 2 in Invocations
  3579 | D:2      | Reached XP level 6. HP: 21/32 MP: 8/8
  3912 | D:3      | Noticed Natasha
  3923 | D:3      | Killed Natasha
  4021 | D:3      | Found a runed translucent door.
  4022 | D:3      | Noticed Crazy Yiuf
  4117 | D:3      | Noticed Natasha
  4131 | D:3      | Killed Natasha
  4132 | D:3      | Reached skill level 3 in Short Blades
  4147 | D:3      | Noticed Natasha
  4429 | D:3      | Killed Natasha
  4559 | D:3      | Killed Crazy Yiuf
  4614 | D:4      | Found a stormy altar of Qazlal.
  4667 | D:4      | Reached skill level 3 in Invocations
  4667 | D:4      | Reached XP level 7. HP: 36/36 MP: 10/10
  4797 | D:4      | Reached *** piety under Lugonu
  4825 | D:4      | Found an ancient bone altar of Kikubaaqudgha.
  5245 | D:5      | Entered Level 5 of the Dungeon
  5376 | D:5      | Reached skill level 4 in Invocations
  5440 | D:5      | Noticed Menkaure
  6613 | D:5      | HP: 3/36 [hornet zombie (6)]
  6613 | D:5      | HP: 1/36 [hornet zombie (2)]
  7646 | D:5      | Reached skill level 5 in Invocations
  7824 | D:5      | Found a hide-covered altar of Uskayaw.
  7864 | D:5      | Reached skill level 6 in Invocations
  8092 | D:6      | Noticed a steam dragon
  8157 | D:6      | Reached XP level 8. HP: 26/40 MP: 13/13
  8177 | D:6      | HP: 4/40 [something/ball of steam (10)]
  8181 | D:6      | Reached skill level 7 in Invocations
  8367 | D:6      | Found a glowing drain.
  8388 | Sewer    | Entered a sewer
  8827 | Sewer    | Reached **** piety under Lugonu
  9497 | D:6      | Reached skill level 8 in Invocations
  9586 | D:6      | Reached skill level 9 in Dodging
  9695 | D:6      | Reached skill level 10 in Dodging
  9934 | D:6      | Found a white marble altar of Elyvilon.
  9961 | D:6      | Found a burning altar of Makhleb.
 10089 | D:6      | Found a shimmering altar of Xom.
 10120 | D:6      | Reached skill level 11 in Dodging
 10120 | D:6      | Reached XP level 9. HP: 31/44 MP: 16/16
 10325 | D:6      | Noticed Edmund
 10507 | D:6      | Killed Edmund
 10666 | D:7      | Found a staircase to the Ecumenical Temple.
 10685 | D:7      | HP: 1/44 [white imp (4)]
 10686 | D:7      | Killed from afar by a white imp

Vanquished Creatures
  Grinder (D:2)
  A wraith (D:6)
  A steam dragon (D:6)
  Edmund (D:6)
  3 necrophages (D:6)
  An ice beast (D:7)
  A hornet zombie (D:5)
  A phantom (D:6)
  A kobold brigand (D:6)
  6 scorpions
  A wyvern skeleton (D:3)
  A water moccasin skeleton (D:7)
  A hound (D:5)
  2 jellies (D:6)
  An orc priest (D:6)
  Crazy Yiuf (D:3)
  6 iguanas
  2 orc wizards
  Natasha (thrice) (D:3)
  A hound skeleton (D:4)
  4 gnolls
  5 adders
  3 river rats (Sewer)
  A white imp (D:6)
  An ufetubus (D:5)
  2 worms
  7 dart slugs
  11 orcs
  4 bats
  5 endoplasms
  2 giant cockroaches (D:1)
  A hobgoblin (D:2)
  3 jackals (D:4)
  2 quokkas (D:1)
  6 ball pythons
  2 frilled lizards
  8 goblins
  29 kobolds
  29 rats
161 creatures vanquished.
